 Dungeon Crawl Stone Soup version 0.28.0-43-g3370ac3207 (webtiles) character file.

Game seed: 3417186944010832202

291 Lazav66 the Digger (level 6, -1/35 HPs)
             Began as a Gargoyle Earth Elementalist on Mar 8, 2022.
             Frozen to death by an endoplasm (4 damage)
             ... on level 3 of the Dungeon.
             The game lasted 00:14:31 (4424 turns).

Lazav66 the Digger (Gargoyle Earth Elementalist)    Turns: 4424, Time: 00:14:32

Health: -1/35      AC:  6    Str: 12    XL:     6   Next: 32%
Magic:  7/10       EV: 12    Int: 17    God:
Gold:   148        SH:  0    Dex: 10    Spells: 7/11 levels left

rFire   . . .      SeeInvis .   r - +7 Throatcutter {drain, coup de grace}
rCold   . . .      Faith    .   (no shield)
rNeg    + . .      Spirit   .   b - +0 robe
rPois   ∞          Reflect  .   (no helmet)
rElec   +          Harm     .   (no cloak)
rCorr   .          Rampage  .   (no gloves)
Will    .....                   (no boots)
Stlth   ++........              (no amulet)
HPRegen 0.11/turn               (no ring)
MPRegen 0.12/turn               (no ring)

@: no status effects
A: sickness immunity, AC +4, negative energy resistance 1, electricity
resistance, torment resistance 1, petrification resistance
a: no special abilities


You were on level 3 of the Dungeon.
You visited 1 branch of the dungeon, and saw 4 of its levels.
You also visited: Sewer.

You collected 148 gold pieces.

Inventory:

Hand Weapons
 d - a +0 dagger
 e - a +1 whip of holy wrath
 p - a +0 whip of draining
 r - the +7 Throatcutter (weapon) {drain, coup de grace}
   (You found it on level 2 of the Dungeon)

   A truly terrible weapon, it drains the life of any living foe it strikes.
   It may instantly kill foes which have little health.
Missiles
 c - 5 stones
Armour
 b - a +0 robe (worn)
Jewellery
 j - an amulet of guardian spirit
Scrolls
 a - a scroll of immolation {unknown}
 f - a scroll of vulnerability {unknown}
 m - a scroll of blinking
 n - a scroll of magic mapping {unknown}
 o - a scroll of teleportation {unknown}
 s - a scroll of acquirement {unknown}
 t - a scroll of identify {unknown}
Potions
 g - a potion of lignification {unknown}
 h - a potion of attraction {unknown}
 i - a potion of curing {unknown}
 k - a potion of magic {unknown}
 l - a potion of flight {unknown}
 q - 2 potions of brilliance {unknown}


   Skills:
 + Level 2.2 Fighting
 + Level 2.6 Dodging
 - Level 2.1 Stealth
 + Level 3.0 Spellcasting
 * Level 2.9 Transmutations
 + Level 4.7 Earth Magic


You had 7 spell levels left.
You knew the following spells:

 Your Spells              Type           Power      Damage    Failure   Level
a - Sandblast             Erth           36%        2d10      2%          1
b - Stone Arrow           Conj/Erth      20%        3d8       21%         3

Your spell library contained the following spells:

 Spells                   Type           Power      Damage    Failure   Level
 Passwall                 Tmut/Erth      12%        N/A       5%          2
 Petrify                  Tmut/Erth      15%        N/A       34%         4
 Starburst                Conj/Fire      1%         6d3       100%        6
 Storm Form               Tmut/Air       3%         N/A       100%        7


Dungeon Overview and Level Annotations

Branches:
Dungeon (4/15)              Sewer (visited)
 Temple: D:4-7

Altars:

Shops:
D:4 [


Innate Abilities, Weirdness & Mutations

You are immune to sickness and miasma.
Your stone body is resilient. (AC +4)
You are immune to poison.
You resist negative energy. (rN+)
You are resistant to electric shocks. (rElec)
You are resistant to unholy torment.
You are immune to petrification.


Message History

The orc shouts!
The orc priest barely misses you.
The orc priest calls down the wrath of Beogh upon you.
Beogh smites you! The endoplasm freezes you.
You are frozen.
Casting: Sandblast (safe; 2% risk of failure)
Confirm with . or Enter, or press ? or * to list all spells.
Aiming: Sandblast (safe; 2% risk of failure)
Press: ? - help, Shift-Dir - straight line, f - orc priest
Aim: an orc priest, wielding a +0 mace and wearing a +0 leather armour (79% to hit)
The blast of sand misses the orc priest.
The blast of sand hits the rat!
You kill the rat!
The orc priest hits you with a +0 mace.
* * * LOW HITPOINT WARNING * * *
The endoplasm freezes you.
You are frozen.
* * * LOW HITPOINT WARNING * * *
Casting: Sandblast (safe; 2% risk of failure)
Confirm with . or Enter, or press ? or * to list all spells.
Aiming: Sandblast (safe; 2% risk of failure)
Press: ? - help, Shift-Dir - straight line, f/p - orc priest
Aim: an orc priest, wielding a +0 mace and wearing a +0 leather armour (79% to hit)
The blast of sand hits the orc priest.
The orc priest is moderately wounded.
The orc priest closely misses you.
The endoplasm hits you but does no damage.
Casting: Sandblast (safe; 2% risk of failure)
Confirm with . or Enter, or press ? or * to list all spells.
Aiming: Sandblast (safe; 2% risk of failure)
Press: ? - help, Shift-Dir - straight line, f/p - orc priest
Aim: an orc priest, wielding a +0 mace and wearing a +0 leather armour (moderately wounded, 79% to hit)
The blast of sand hits the orc priest but does no damage.
The orc priest is moderately wounded.
The orc priest hits you with a +0 mace.
* * * LOW HITPOINT WARNING * * *
The endoplasm freezes you.
You are frozen.
You die...

##......########
#..............
####..######### ##....##
#>##..# #####.##
#################..#####
........................
.....oo@)..)............
≈≈....J≈...)).≈≈≈≈≈.≈.≈.
≈≈≈≈≈≈≈≈....≈≈≈≈≈≈≈≈≈≈≈≈
≈≈≈≈≈≈≈≈....≈≈≈≈≈≈≈≈≈≈≈≈
≈≈≈≈≈≈≈≈....≈≈≈≈≈≈≈≈≈≈≈≈
#########++#############


You could see an orc priest, an orc and an endoplasm.

Vanquished Creatures
  An elf zombie (D:4)
  A bullfrog (Sewer)
  6 adders
  3 worms
  A dart slug (D:2)
  2 orcs (D:3)
  7 endoplasms
  9 giant cockroaches
  11 goblins
  2 hobgoblins
  7 jackals (D:1)
  7 kobolds
  6 quokkas (Sewer)
  8 ball pythons
  3 bats
  12 frilled lizards
  6 rats
92 creatures vanquished.

Notes
Turn   | Place    | Note
-------+----------+-------------------------------------------
     0 | D:1      | Lazav66 the Gargoyle Earth Elementalist began the quest for
                  | the Orb.
     0 | D:1      | Reached XP level 1. HP: 10/10 MP: 3/3
    89 | D:1      | Found a faded altar of an unknown god.
    95 | D:1      | Reached skill level 1 in Transmutations
   593 | D:1      | Reached XP level 2. HP: 16/16 MP: 1/5
  1139 | D:1      | Reached XP level 3. HP: 20/20 MP: 2/6
  1147 | D:1      | Reached skill level 1 in Fighting
  1364 | D:1      | Reached skill level 4 in Earth Magic
  1756 | D:2      | Learned a level 3 spell: Stone Arrow
  1960 | D:2      | You fall into a shaft and drop 2 floors!
  2075 | D:4      | Found Pafem's Antique Armour Shoppe.
  2103 | D:4      | Reached XP level 4. HP: 25/25 MP: 3/7
  2236 | D:4      | Reached XP level 5. HP: 11/30 MP: 0/8
  2471 | D:3      | Found a glowing drain.
  2487 | Sewer    | Entered a sewer
  3277 | Sewer    | Reached XP level 6. HP: 28/35 MP: 6/10
  3678 | D:2      | Found the +7 Throatcutter {drain, coup de grace}
  4095 | D:2      | Got the Compendium of Arcane Weapons and the Birds
  4424 | D:3      | Frozen to death by an endoplasm

Illustrated notes

Levels and vault maps discovered:
D:1:      lightli_arrival_windingriver, layout_basic,
          ebering_ecumenical_altar_box
D:2:      layout_loops_ring
D:3:      minmay_goblin_kobold_castle, layout_basic,
          cheibrodos_sewer_entry_drain
D:4:      layout_basic, mainiacjoe_overflow_cross_hatched,
          nicolae_ru_the_path_less_chosen, nicolae_ossuary_entry_catacombs,
          serial_shops, kennysheep_mini_moat, minmay_cupped

Skill      XL: |  1  2  3  4  5  6 |
---------------+-------------------+-----
Transmutations | 1 2 |  2.9
Fighting       | 1 2 |  2.2
Earth Magic    | 4 |  4.7
Dodging        | 2 |  2.6
Spellcasting   | 3 |  3.0
Stealth        | |  2.1

Action                   |  1- 3 |  4- 6 || total
-------------------------+-------+-------++-------
Melee: Unarmed           |     5 |       ||     5
       Whip              |    71 |   137 ||   208
       Dagger            |     3 |       ||     3
       Punch             |       |     2 ||     2
       Long sword        |       |    12 ||    12
 Cast: Sandblast         |    33 |    39 ||    72
 Stab: Sleeping          |     1 |     1 ||     2
Armor: Robe              |    41 |    56 ||    97
Dodge: Dodged            |    61 |   124 ||   185
